Map: Blackpink LE

Players

Losira - Winner!

  • Race: Zerg Zerg
  • Spawn Location: 1:00

Patience

  • Race: Protoss Protoss
  • Spawn Location: 7:00

Event: IEM Season 12 - Katowice

VOD

Have the link to the VOD?

Description

Time

  • Played on: Feb. 27, 2018, 12:38 p.m.
  • Length: 11:12

All games in this series

Show
View Real Time Build Order
Export as new Build Order

Losira Zerg - Winner!

Build Orders: Hatch First 

Get SALT Encoding   

  12  0:00  Drone  
  13  0:12  Overlord  
  13  0:17  Drone  
  14  0:30  Drone x2  
  14  0:34  Drone  
  17  0:51  Hatchery  
  17  0:54  Drone  
  17  0:57  Drone  
  18  1:05  Extractor  
  17  1:13  Spawning Pool  
  17  1:15  Drone  
  17  1:18  Drone  
  18  1:28  Drone  
  19  1:38  Overlord  
  19  1:59  Queen  
  19  2:00  Zergling x2  
  19  2:01  Zergling x2  
  23  2:04  Zergling x2  
  23  2:07  Metabolic Boost  
  23  2:08  Queen  
  24  2:12  Zergling x2  
  24  2:14  Drone  
  28  2:20  Evolution Chamber  
  27  2:24  Drone  
  27  2:26  Drone  
  29  2:33  Drone  
  30  2:41  Overlord  
  30  2:43  Drone  
  31  2:47  Drone  
  32  2:53  Drone  
  32  2:58  Overlord  
  33  3:08  Overlord  
  33  3:11  Zergling x2  
  34  3:13  Zergling x2  
  34  3:14  Zergling x4  
  34  3:16  Zergling x2  
  34  3:17  Zergling x4  
  34  3:18  Zergling x2  
  34  3:19  Queen  
  43  3:21  Zergling x2  
  44  3:27  Overlord  
  44  3:31  Drone  
  45  3:40  Drone  
  46  3:42  Drone  
  46  3:43  Drone x2  
  46  3:44  Drone  
  48  3:50  Drone  
  48  3:51  Drone  
  48  3:52  Drone  
  48  3:54  Drone  
  50  3:58  Drone  
  49  4:03  Hatchery  
  49  4:04  Drone  
  49  4:06  Drone  
  48  4:13  Zerg Melee Weapons Level 1  
  48  4:14  Drone  
  48  4:15  Drone  
  48  4:16  Drone x2  
  51  4:19  Drone  
  51  4:25  Drone  
  51  4:27  Overlord, Extractor  
  51  4:34  Spore Crawler, Queen  
  51  4:37  Spore Crawler  
  51  4:38  Drone  
  51  4:42  Baneling Nest  
  51  4:44  Drone x2  
  52  4:47  Extractor, Zergling x8  
  52  4:49  Zergling x2  
  52  4:52  Zergling x2  
  56  4:56  Queen  
  56  4:59  Zergling x2  
  59  5:03  Overlord  
  59  5:08  Overlord  
  59  5:17  Drone x5  
  63  5:23  Drone  
  63  5:24  Drone  
  63  5:26  Drone x4  
  69  5:29  Spore Crawler  
  69  5:31  Roach Warren  
  69  5:33  Drone x2  
  69  5:34  Drone  
  70  5:39  Overlord  
  70  5:50  Zergling x4  
  70  5:51  Zergling x2  
  73  5:57  Overlord x2  
  72  6:06  Lair  
  72  6:07  Zerg Missile Weapons Level 1, Extractor  
  71  6:13  Drone x4  
  71  6:14  Overlord  
  71  6:15  Roach x4  
  71  6:16  Roach, Extractor  
  86  6:18  Roach  
  86  6:20  Roach  
  86  6:24  Roach  
  90  6:26  Roach  
  90  6:30  Roach  
  94  6:36  Roach  
  94  6:39  Drone x3  
  97  6:42  Roach x2, Overlord  
  97  6:43  Ravager  
  97  6:44  Roach, Overlord  
  104  6:47  Roach  
  104  6:51  Overlord  
  104  6:52  Overlord  
  106  6:55  Overlord  
  106  7:00  Overlord  
  104  7:01  Roach  
  104  7:02  Roach  
  104  7:04  Glial Reconstitution  
  108  7:11  Roach  
  108  7:15  Roach  
  112  7:16  Roach  
  112  7:17  Roach  
  112  7:19  Roach  
  112  7:21  Roach  
  118  7:25  Roach  
  118  7:27  Roach  
  118  7:28  Roach  
  118  7:29  Roach x2  
  130  7:30  Roach  
  130  7:31  Roach  
  130  7:32  Roach  
  130  7:34  Roach  
  134  7:37  Roach  
  134  7:39  Roach  
  134  7:40  Roach  
  134  7:42  Roach  
  142  7:44  Roach  
  142  7:46  Roach  
  142  7:47  Roach  
  142  7:50  Roach  
  149  7:54  Ravager  
  149  7:55  Ravager x3, Overlord  
  149  7:56  Ravager  
  154  8:03  Overlord  
  154  8:09  Overlord  
  154  8:16  Roach x5  
  154  8:17  Overlord  
  162  8:22  Roach  
  162  8:23  Roach x3, Overlord  
  162  8:26  Zerg Missile Weapons Level 2  
  170  8:29  Roach  
  170  8:31  Roach x2  
  170  8:33  Roach  
  164  8:47  Roach  
  164  8:48  Roach x6  
  159  8:54  Roach x4  
  154  8:58  Overseer  
  144  9:02  Pneumatized Carapace  
  144  9:06  Roach x2  
  138  9:12  Roach x3  
  142  9:19  Roach x3  
  142  9:24  Roach  
  142  9:25  Roach x3  
  142  9:29  Roach x2  
  142  9:30  Roach  
  150  9:32  Roach  
  150  9:34  Roach  
  150  9:36  Roach  
  144  9:38  Roach  
  144  9:41  Roach x2  
  144  9:45  Roach x2  
  140  9:56  Roach x4  
  140  9:57  Roach x2  
  148  10:09  Overseer  
  148  10:10  Overseer  
  148  10:12  Drone x3  
  148  10:13  Drone, Extractor  
  151  10:14  Spore Crawler  
  149  10:27  Roach  
  149  10:28  Roach x5  
  161  10:30  Ravager  
  161  10:32  Ravager  
  161  10:33  Roach x3  
  169  10:36  Hatchery  
  169  10:41  Roach  
  169  10:42  Roach x4  
  176  10:45  Roach  
  176  10:52  Drone  
Show
View Real Time Build Order
Export as new Build Order

Patience Protoss 

Build Orders: 1 Gate Expand, Phoenix Opening, Archon Immortal, Zealot Archon 

Get SALT Encoding   

  12  0:00  Probe  
  13  0:12  Probe  
  14  0:18  Pylon  
  14  0:24  Probe (Chrono Boost)  
  15  0:37  Probe (Chrono Boost)  
  15  0:41  Gateway  
  16  0:45  Probe (Chrono Boost)  
  16  0:47  Assimilator  
  17  0:51  Probe  
  18  1:03  Probe  
  19  1:15  Probe  
  20  1:24  Nexus  
  20  1:34  Cybernetics Core  
  20  1:37  Probe  
  21  1:42  Assimilator  
  21  1:49  Probe  
  21  1:52  Pylon  
  23  2:01  Probe (Chrono Boost), Adept  
  23  2:13  Probe (Chrono Boost)  
  23  2:15  Stargate  
  26  2:19  Probe (Chrono Boost)  
  27  2:28  Probe  
  28  2:31  Adept  
  30  2:40  Probe (Chrono Boost)  
  32  2:48  Probe (Chrono Boost)  
  33  2:52  Probe (Chrono Boost)  
  33  2:56  Probe (Chrono Boost)  
  33  2:57  Probe (Chrono Boost)  
  35  2:59  Phoenix  
  35  3:02  Adept  
  39  3:06  Probe  
  39  3:07  Probe  
  39  3:09  Pylon  
  41  3:18  Probe  
  42  3:20  Twilight Council  
  42  3:22  Probe  
  43  3:31  Probe  
  44  3:34  Probe  
  44  3:35  Shield Battery  
  45  3:43  Probe  
  45  3:47  Probe  
  45  3:59  Probe  
  46  4:04  Gateway  
  46  4:05  Adept (Chrono Boost)  
  46  4:08  Oracle  
  50  4:10  Gateway  
  50  4:11  Gateway  
  50  4:12  Shield Battery  
  50  4:21  Cybernetics Core  
  50  4:23  Pylon  
  48  4:26  Probe  
  48  4:27  Probe, Zealot (Chrono Boost)  
  52  4:38  Probe, Pylon  
  52  4:39  Probe  
  54  4:46  Gateway  
  54  4:51  Probe  
  54  4:52  Warp Gate (Chrono Boost), Probe, Assimilator  
  56  4:53  Assimilator  
  56  5:00  Robotics Facility  
  56  5:01  Dark Shrine  
  56  5:03  Probe  
  57  5:08  Probe  
  57  5:10  Pylon  
  55  5:25  Zealot x2  
  55  5:26  Sentry  
  55  5:27  Pylon  
  60  5:47  Warp Prism  
  60  5:49  Gateway  
  62  5:50  Charge  
  62  5:51  Gateway  
  62  5:52  Gateway  
  62  5:53  Gateway  
  59  6:06  Gateway  
  59  6:07  Pylon  
  59  6:10  Nexus  
  59  6:11  Pylon  
  59  6:14  Probe x2  
  61  6:24  Pylon  
  65  6:26  Observer  
  65  6:29  Probe x2  
  64  6:39  Zealot x2  
  64  6:40  Zealot  
  62  6:51  Dark Templar x4  
  69  6:58  Immortal (Chrono Boost)  
  69  7:00  Pylon x2  
  73  7:07  Dark Templar x3  
  79  7:08  Archon x2  
  79  7:12  Zealot, Archon  
  77  7:27  Immortal (Chrono Boost)  
  81  7:32  Probe x2  
  81  7:33  Probe  
  81  7:36  Sentry x3  
  90  7:43  Forge  
  91  7:44  Probe x2  
  91  7:48  Probe  
  93  7:56  Probe, Immortal (Chrono Boost)  
  93  7:57  Zealot x3  
  104  8:00  Shield Battery  
  104  8:01  Probe  
  104  8:02  Pylon  
  105  8:21  Protoss Ground Weapons Level 1 (Chrono Boost)  
  105  8:23  Photon Cannon  
  105  8:25  Assimilator  
  105  8:26  Assimilator  
  105  8:27  Pylon  
  105  8:29  Immortal (Chrono Boost), Photon Cannon  
  109  8:36  Zealot x3  
  109  8:39  Zealot  
  103  8:43  Dark Templar  
  87  8:48  Dark Templar x2  
  87  8:53  Zealot  
  66  9:12  Zealot x4  
  66  9:16  Zealot x2  
  70  9:26  Immortal (Chrono Boost)  
  68  9:36  Zealot  
  68  9:37  Zealot  
  52  9:53  Sentry x3  
  52  9:55  Immortal (Chrono Boost)  
  52  9:56  Sentry x2  
  66  10:12  Dark Templar x2  
  66  10:13  Oracle (Chrono Boost)  
  70  10:18  Archon  
  73  10:25  Immortal (Chrono Boost)  
  67  10:51  Nexus  
  67  10:55  Sentry x3  

Tags
 
Add a new tag
Caveats
  • Supply blocks, unpowered buildings, or Contaminate may cause inaccurate times.
  • Supply counts are checked every 10 seconds.